AoeStats
← sanyifong

Black Forest

505565590Analyzed
1v1 RM · 24d ago on Sep 10, 2026· 45m 40s· 2 players
Game mode
Random Map
Map size
Tiny (2 player)
Population
200
Speed
Normal
Resources
Standard
Victory
Conquest
Starting age
Dark Age
Ending age
Imperial Age
RankedLock teamsTeams togetherTeam positionsShared explorationLock speedFull tech treeHidden civsTurbo modeCheats
Victory
Defeat
🇺🇸 Goths · United States
721
+15
🇬🇹 Portuguese · Guatemala
689
-15
sanyifong
10:56 Feudal Age
11:50 Loom
16:24 Castle Age
15:29 Stone Mining
20:36 Double-Bit Axe
24:02 Horse Collar
24:46 Bow Saw
24:40 Heavy Plow
26:53 Wheelbarrow
29:28 Pikeman
29:58 Gambesons
30:06 Arson
31:27 Man-at-Arms
32:14 Scale Mail Armor
32:24 Forging
32:20 Scale Barding Armor
33:33 Stone Shaft Mining
33:34 Gold Mining
34:32 Hand Cart
34:03 Town Watch
35:29 Gold Mining
37:36 Ballistics
37:23 Murder Holes
37:41 Masonry
37:13 Treadmill Crane
39:15 Iron Casting
38:56 Chain Mail Armor
39:02 Chain Barding Armor
40:04 Town Patrol
43:49 Imperial Age
41:45 Sanctity
41:36 Fervor
41:30 Fletching
41:41 Padded Archer Armor
41:03 Light Cavalry
41:45 Husbandry
42:00 Bloodlines
42:38 Elite Skirmisher
44:00 Capped Ram
44:11 Halberdier
lambertjosh32
0:29 Loom
12:12 Feudal Age
14:07 Double-Bit Axe
18:12 Castle Age
16:30 Stone Mining
18:39 Man-at-Arms
26:19 Wheelbarrow
30:03 Anarchy
31:42 Horse Collar
32:19 Bow Saw
36:43 Imperial Age
35:49 Hand Cart
35:28 Gold Mining
35:51 Forging
35:42 Scale Mail Armor
37:11 Onager
39:14 Heavy Plow
39:58 Perfusion
40:27 Squires
41:04 Iron Casting
40:45 Chain Mail Armor
40:42 Elite Huskarl
43:51 Blast Furnace
Connection lost

Rejoining the realm…

Still unreachable

The connection could not be restored.

Session expired

The server has moved on; the page needs a fresh start.